 Dungeon Crawl Stone Soup version 0.30.0 (webtiles) character file.

Game seed: 4761145082517428640

1005 Dani the Chopper (level 8, 39/59 HPs)
             Began as a Demonspawn Fighter on May 20, 2023.
             Was a Priest of Vehumet.
             Quit the game on level 4 of the Dungeon.
             The game lasted 00:08:10 (2766 turns).

Dani the Chopper (Demonspawn Fighter)               Turns: 2766, Time: 00:08:11

Health: 39/59      AC: 14    Str: 14    XL:     8   Next: 0%
Magic:  8/8        EV:  8    Int: 11    God:    Vehumet [***...]
Gold:   244        SH:  8    Dex: 12    Spells: 7/7 levels left

rFire   + . .        a - +1 war axe (drain)
rCold   . . .        c - +0 buckler
rNeg    . . .        j - +3 scale mail {rF+}
rPois   .            (helmet restricted)
rElec   .            (no cloak)
rCorr   .            (no gloves)
SInv    .            (no boots)
Will    .....        (no amulet) Stlth
                     (no ring)
HPRegen 1.29/turn    (no ring)
MPRegen 0.11/turn

%: no passive effects
@: mildly poisoned (39 -> 39)
A: rugged brown scales 1, icemail 1, powered by death 1, condensation shield,
claws 1, horns 1, clumsy 1, weak 1
a: Renounce Religion


You were on level 4 of the Dungeon.
You worshipped Vehumet.
Vehumet was most pleased with you.
You visited 2 branches of the dungeon, and saw 7 of its levels.
You also visited: Sewer.

You collected 244 gold pieces.

Inventory:

Hand Weapons
 a - a +1 war axe of draining (weapon)
Missiles
 r - 14 poisoned darts (quivered)
Armour
 b - a +1 scale mail
 c - a +0 buckler (worn)
 j - a +3 scale mail of fire resistance (worn)
   (You found it on level 2 of the Dungeon)
 p - a scarf of invisibility
   (You found it on level 5 of the Dungeon)
Scrolls
 m - a scroll of vulnerability
 R - 4 scrolls of identify {@r1}
Potions
 d - 2 potions of heal wounds {unknown}
 e - 2 potions of lignification
 f - 4 potions of cancellation {unknown}
 g - 3 potions of flight {unknown}
 h - 2 potions of brilliance {unknown}
 i - a potion of attraction {unknown}
 k - a potion of mutation {!q}
 l - 4 potions of haste {unknown}
 n - 2 potions of degeneration {unknown}
 o - a potion of ambrosia {unknown}
 q - a potion of might
 s - 3 potions of magic {unknown}
 t - a potion of invisibility {unknown}
 u - a potion of resistance {unknown}
 Q - 2 potions of curing {@q1}


   Skills:
 - Level 3.0 Fighting
 * Level 7.2 Axes
 - Level 2.6 Armour
 - Level 2.6 Shields
 + Level 4.5 Earth Magic


You had 7 spell levels left.
You didn't know any spells.
Your spell library contained the following spells:

 Spells                   Type           Power      Damage    Failure   Level
 Olgreb's Toxic Radiance  Pois           0%         N/A       98%         4
 Slow                     Hex            0%         N/A       89%         1
 Confusing Touch          Hex            0%         N/A       99%         3
 Vampiric Draining        Necr           0%         2d6       99%         3


Dungeon Overview and Level Annotations

Branches:
Dungeon (6/15)             Temple (1/1) D:5           Sewer (visited)

Altars:
Ashenzari
Dithmenos
Gozag
Kikubaaqudgha
Okawaru
Ru
Sif Muna
Trog
Vehumet


Innate Abilities, Weirdness & Mutations

You are partially covered in rugged brown scales. (AC +1, +3% HP)
A meltable icy envelope protects you from harm. (AC +4)
You regenerate a little health from kills.
A meltable shield of frost defends you. (SH +4)
You have sharp fingernails.
You have a pair of small horns on your head.
You are clumsy. (Dex -2)
You are weak. (Str -2)


Message History

The sentinel's mark upon you fades away.
No target in view!
No target in view!
A phantom comes into view.
You closely miss the phantom.
You headbutt the phantom, but do no damage.
The phantom barely misses you.
You barely miss the phantom.
The phantom hits you but does no damage. x2
You barely miss the phantom. The phantom hits you.
You closely miss the phantom. Your headbutt misses the phantom.
The phantom hits you but does no damage.
You barely miss the phantom. You block the phantom's attack. x2
You hit the phantom but do no damage. Your headbutt misses the phantom.
The phantom misses you.
You barely miss the phantom. You block the phantom's attack.
You slash the phantom!
The phantom is severely damaged.
The phantom hits you but does no damage.
You hit the phantom.
The phantom is severely damaged.
You closely miss the wight. The wight closely misses you.
The phantom hits you but does no damage.
You closely miss the phantom.
The phantom is severely damaged.
You hit the wight. You block the wight's attack.
The phantom closely misses you.
The phantom hits you but does no damage.
The wight hits you with a +3 mace!
You feel drained.
You slash the phantom!
You destroy the phantom!
Vehumet accepts your kill.
You hit the wight. The wight hits you with a +3 mace.
Your life force feels restored.
Your Axes skill increases to level 7!
You hit the wight.
The wight is moderately damaged.
The wight barely misses you.
You closely miss the wight.
The wight is moderately damaged.
You block the wight's attack.
You hit the wight.
You headbutt the wight, but do no damage.
The wight is severely damaged.
You block the wight's attack.
You slash the wight!
You destroy the wight!
Vehumet accepts your kill.
No target in view!
No target in view!
No target in view!
There is a stone staircase leading up here.
You climb upwards.
Found 11 gold pieces.
There is a stone staircase leading down here.
HP restored.
You now have 244 gold pieces (gained 11).
Key pressed, stopping explore.
Found a ring mail.
Found an escape hatch in the ceiling.
d - 2 purple potions (gained 1)
Found a great sword.
g - 3 viscous emerald potions (gained 1)
Found a stone staircase leading up.
Key pressed, stopping explore.
Key pressed, stopping explore.
t - a murky cyan potion Key pressed, stopping explore.
Key pressed, stopping explore.
There is a stone staircase leading down here.
Key pressed, stopping explore.
Key pressed, stopping explore.
f - 4 fuming brown potions (gained 2) Key pressed, stopping explore.
A scorpion comes into view.
A scorpion is nearby!
A scorpion is nearby!
A scorpion is nearby!
A scorpion is nearby!
You barely miss the scorpion. You headbutt the scorpion.
The scorpion is lightly wounded.
The scorpion stings you.
You are poisoned.
The scorpion poisons you!
You slash the scorpion!
The scorpion is severely wounded.
You feel very sick. The scorpion stings you.
The scorpion completely misses you.
You completely miss the scorpion. Your headbutt misses the scorpion.
The scorpion is severely wounded.
You feel very sick. The scorpion barely misses you.
You slash the scorpion!
You kill the scorpion!
Vehumet accepts your kill.
You feel sick.
You have reached level 8!
You feel agile.
Your demonic ancestry asserts itself...
Rugged brown scales grow over part of your body.
Are you sure you want to abandon this character and quit the game? (Confirm with "yes".)

..<.. #.....## ##.
.)###.. ##.#.#.###.#
. #.. ###..#.##...##
#.###.###...........#
##....#...#########.#
. ......#...# #..#
... #....# #.##
.....###.##.# #.
......†@#.#.^. #.
.....:##.##.#...
..... ###.#.... ....
#.# ... ### #^


There were no monsters in sight!

Vanquished Creatures
  An orc warrior (Temple)
  A black bear (D:5)
  An ogre (D:5)
  A phantom (D:5)
  A kobold brigand (Sewer)
  2 scorpions
  2 wights
  A hound (D:5)
  A jelly (D:5)
  3 iguanas (D:5)
  Jessica (D:2)
  A sleepcap (Temple)
  An orc wizard (D:5)
  2 adders
  4 river rats (Sewer)
  A shadow imp (D:5)
  A white imp (D:5)
  A worm (D:2)
  2 dart slugs
  2 orcs
  6 ball pythons
  4 bats
  An endoplasm (Sewer)
  2 giant cockroaches
  2 goblins
  6 hobgoblins
  19 kobolds
  5 quokkas
  6 frilled lizards
  23 rats
104 creatures vanquished.

Notes
Turn   | Place    | Note
-------+----------+-------------------------------------------
     0 | D:1      | Dani the Demonspawn Fighter began the quest for the Orb.
     0 | D:1      | Reached XP level 1. HP: 18/18 MP: 1/1
    45 | D:1      | Reached skill level 2 in Axes
   147 | D:1      | Gained mutation: You regenerate a little health from kills.
                  | [demonic ancestry]
   147 | D:1      | Reached XP level 2. HP: 21/24 MP: 2/2
   263 | D:1      | Found a faded altar of an unknown god.
   293 | D:1      | Prayed at the altar of an unknown god.
   293 | D:1      | Became a worshipper of Vehumet
   293 | D:1      | Reached * piety under Vehumet
   293 | D:1      | Offered knowledge of Kiss of Death by Vehumet.
   650 | D:2      | Reached skill level 3 in Axes
   756 | D:2      | Gained mutation: A meltable shield of frost defends you.
                  | (SH +4) [demonic ancestry]
   756 | D:2      | Reached XP level 3. HP: 25/29 MP: 3/3
   856 | D:2      | Noticed Jessica
   862 | D:2      | Killed Jessica
   863 | D:2      | Reached skill level 1 in Earth Magic
   863 | D:2      | HP: 7/29 [poisoned by Jessica]
   864 | D:2      | Gained mutation: You have sharp fingernails. [potion of
                  | mutation]
   864 | D:2      | Gained mutation: You are clumsy. (Dex -2) [potion of
                  | mutation]
   864 | D:2      | Gained mutation: You are weak. (Str -2) [potion of
                  | mutation]
   864 | D:2      | Gained mutation: You have a pair of small horns on your
                  | head. [potion of mutation]
   944 | D:2      | Reached XP level 4. HP: 35/35 MP: 4/4
  1117 | D:2      | Reached ** piety under Vehumet
  1117 | D:2      | Offered knowledge of Searing Ray by Vehumet.
  1568 | D:3      | You fall into a shaft and drop 3 floors!
  1592 | D:6      | Reached skill level 4 in Axes
  1673 | D:5      | Entered Level 5 of the Dungeon
  1691 | D:5      | Gained mutation: A meltable icy envelope protects you from
                  | harm. (AC +4) [demonic ancestry]
  1691 | D:5      | Reached XP level 5. HP: 32/41 MP: 5/5
  1710 | D:5      | Reached skill level 2 in Earth Magic
  1755 | D:5      | Noticed a black bear
  1763 | D:5      | Killed a black bear
  1764 | D:5      | Reached skill level 5 in Axes
  1764 | D:5      | Reached XP level 6. HP: 41/47 MP: 6/6
  1802 | D:5      | Reached skill level 3 in Earth Magic
  1813 | D:5      | Found a staircase to the Ecumenical Temple.
  1821 | D:5      | Noticed an orc warrior
  1824 | Temple   | Entered the Ecumenical Temple
  1898 | Temple   | Killed an orc warrior
  1899 | Temple   | Reached XP level 7. HP: 36/52 MP: 7/7
  1956 | D:5      | Reached skill level 6 in Axes
  2035 | D:5      | Found a bloodstained altar of Trog.
  2071 | D:5      | Found a glowing drain.
  2075 | Sewer    | Entered a sewer
  2171 | Sewer    | Offered knowledge of Inner Flame by Vehumet.
  2193 | Sewer    | Reached skill level 4 in Earth Magic
  2237 | Sewer    | Reached *** piety under Vehumet
  2312 | Sewer    | Offered knowledge of Olgreb's Toxic Radiance by Vehumet.
  2559 | D:5      | Reached skill level 7 in Axes
  2766 | D:4      | Gained mutation: You are partially covered in rugged brown
                  | scales. (AC +1, +3% HP) [demonic ancestry]
  2766 | D:4      | Reached XP level 8. HP: 39/59 MP: 8/8
  2766 | D:4      | Quit the game

Illustrated notes

Levels and vault maps discovered:
D:1:      dpeg_arrival_renting, layout_rooms, chequers_ecumenical_altar_twisty
D:2:      layout_basic, kennysheep_donut, nicolae_elevator_lobby_plus,
          uniq_jessica
D:3:      layout_rooms, general_overflow_altar, mainiacjoe_overflow_alcove_2,
          fedhas_altar_fruit_tree, zin_academy, serial_shops, shop
D:4:      layout_loops_cross, elyvilon_altar_3, lemuel_tele_altar
D:5:      layout_rooms, trog_three_pillars_becter,
          minmay_temple_entry_stoned_glass, gup_sewer_entry_bowl
D:6:      layout_basic, old_standard_altar, slow_altar_1, minivault_5
Temple:   hellmonk_temple_micro_hex

Skill      XL: |  1  2  3  4  5  6  7 |
---------------+----------------------+-----
Axes           | 2 3 4 5 7 |  7.2
Earth Magic    | 1 2 3 4 |  4.5
Fighting       | |  3.0
Armour         | |  2.6
Shields        | |  2.6

Action                     |  1- 3 |  4- 6 |  7- 9 || total
---------------------------+-------+-------+-------++-------
  Melee: War axe           |    63 |    66 |   111 ||   240
         Headbutt          |       |     7 |    23 ||    30
  Throw: Dart              |       |     6 |     1 ||     7
    Use: Scroll            |     5 |     3 |     2 ||    10
         Potion            |     2 |     1 |       ||     3
 Armour: Scale mail        |    31 |    30 |    43 ||   104
  Dodge: Dodged            |    21 |    20 |    36 ||    77
  Block: Buckler           |    16 |    22 |    29 ||    67

Levels and vault maps discovered:
D:1:      dpeg_arrival_renting, layout_rooms, chequers_ecumenical_altar_twisty
D:2:      layout_basic, kennysheep_donut, nicolae_elevator_lobby_plus,
          uniq_jessica
D:3:      layout_rooms, general_overflow_altar, mainiacjoe_overflow_alcove_2,
          fedhas_altar_fruit_tree, zin_academy, serial_shops, shop
D:4:      layout_loops_cross, elyvilon_altar_3, lemuel_tele_altar
D:5:      layout_rooms, trog_three_pillars_becter,
          minmay_temple_entry_stoned_glass, gup_sewer_entry_bowl
D:6:      layout_basic, old_standard_altar, slow_altar_1, minivault_5
Temple:   hellmonk_temple_micro_hex

Table legend: (Time is in decaauts)
 A = Elapsed time spent in this place.
 B = Non-inter-level travel time spent in this place.
 C = Inter-level travel time spent in this place.
 D = Time resting spent in this place.
 E = Time spent auto-exploring this place.
 F = Levels seen in this place.
 G = Mean time per level.
                   A        B        C        D        E       F      G
               +--------+--------+--------+--------+--------+-----+--------+
         Total |   2851 |   2795 |     56 |    153 |   1737 |   8 |  356.4 |
       Dungeon |   2330 |   2274 |     56 |     62 |   1518 |   6 |  388.3 |
        Temple |    123 |    123 |      0 |     91 |      0 |   1 |  123.0 |
         Sewer |    397 |    397 |      0 |      0 |    218 |   1 |  397.0 |
               +--------+--------+--------+--------+--------+-----+--------+

Top non-repeatable levels by time:
     D:2: 996 daAuts
     D:1: 604 daAuts
     D:5: 436 daAuts
   Sewer: 397 daAuts
     D:4: 186 daAuts
  Temple: 123 daAuts
     D:6: 105 daAuts

Table legend:
 A = Kills in this place as a percentage of kills in the entire game.
 B = Kills by you in this place as a percentage of kills by you in the entire game.
 C = Kills by friends in this place as a percentage of kills by friends in the entire game.
 D = Other kills in this place as a percentage of other kills in the entire game.
 E = Experience gained in this place as a percentage of experience gained in the entire game.
 F = Experience gained in this place divided by the number of levels of this place that you have seen.
                   A       B       C       D       E      F
               +-------+-------+-------+-------+-------+----------------------
         Total | 100.0 | 100.0 |   N/A |   N/A | 100.0 | 179.5
       Dungeon |  54.8 |  54.8 |   N/A |   N/A |  72.8 | 174.2
        Temple |   2.9 |   2.9 |   N/A |   N/A |  12.3 | 176.0
         Sewer |  42.3 |  42.3 |   N/A |   N/A |  15.0 | 215.0
               +-------+-------+-------+-------+-------+----------------------
